AoeStats
← Nighthawk

Arena

508724473Analyzed
4v4 RM · 7d ago on Sep 23, 2026· 64m 21s· 8 players
Game mode
Random Map
Map size
Large (8 player)
Population
200
Speed
Normal
Resources
Standard
Victory
Conquest
Starting age
Dark Age
Ending age
Imperial Age
RankedLock teamsTeams togetherTeam positionsShared explorationLock speedFull tech treeHidden civsTurbo modeCheats
Victory
Defeat
🇩🇪 Slavs · Germany
1422
+14
🇩🇪 Danes · Germany
1422
+14
🇮🇹 Persians · Italy
1407
+15
🇮🇹 Turks · Italy
1362
+17
🇮🇪 Teutons · Ireland
1585
-22
🇱🇧 Aztecs · Lebanon
1394
-16
🇭🇰 Mongols · Hong Kong SAR China
1392
-15
🇺🇸 Persians · United States
1166
-24
Madbun
7:03 Loom
11:01 Feudal Age
15:41 Castle Age
13:47 Horse Collar
14:51 Double-Bit Axe
21:26 Bow Saw
25:58 Wheelbarrow
30:35 Imperial Age
29:26 Gold Mining
30:45 Gambesons
30:20 Man-at-Arms
31:01 Squires
31:04 Scale Mail Armor
31:14 Forging
30:57 Fletching
30:55 Town Watch
31:10 Arson
30:58 Capped Ram
31:05 Pikeman
31:38 Long Swordsman
32:25 Two-Handed Swordsman
32:26 Halberdier
33:34 Masonry
35:08 Champion
37:23 Chemistry
37:50 Chain Mail Armor
38:10 Iron Casting
38:13 Conscription
41:11 Plate Mail Armor
45:57 Iron Casting
45:30 Scale Barding Armor
47:17 Stone Mining
48:02 Chain Barding Armor
48:44 Bloodlines
49:38 Blast Furnace
49:28 Coinage
52:09 Bodkin Arrow
54:21 Hand Cart
54:06 Town Patrol
56:44 Padded Archer Armor
letshavefun
9:42 Feudal Age
13:38 Castle Age
11:46 Double-Bit Axe
12:06 Horse Collar
14:44 Bow Saw
18:37 Wheelbarrow
22:45 Hand Cart
23:18 Heavy Plow
28:47 Imperial Age
26:04 Loom
26:30 Scale Barding Armor
26:37 Bloodlines
27:32 Chain Barding Armor
28:50 Forging
28:53 Husbandry
28:26 Cavalier
30:14 Plate Barding Armor
30:15 Iron Casting
31:20 Savar
32:14 Fletching
33:26 Blast Furnace
40:47 Chemistry
49:10 Light Cavalry
57:06 Hussar
Katnip
10:01 Feudal Age
14:32 Castle Age
13:06 Double-Bit Axe
13:44 Horse Collar
15:26 Bow Saw
17:44 Eagle Warrior
19:17 Forging
19:10 Scale Mail Armor
21:06 Town Watch
21:49 Redemption
24:33 Heavy Plow
26:25 Iron Casting
29:58 Wheelbarrow
29:08 Loom
29:40 Chain Mail Armor
30:52 Gold Mining
30:52 Stone Mining
33:58 Imperial Age
31:57 Hand Cart
32:05 Fletching
32:15 Padded Archer Armor
33:02 Bodkin Arrow
33:14 Pikeman
33:54 Squires
33:40 Gambesons
34:45 Leather Archer Armor
33:59 Crossbowman
35:49 Blast Furnace
35:19 Plate Mail Armor
35:59 Crop Rotation
36:05 Gold Shaft Mining
38:51 Sanctity
38:44 Fervor
42:45 Crossbowman
43:37 Bracer
44:26 Arbalester
61:06 Elite Skirmisher
大庆Song
7:08 Loom
11:49 Feudal Age
12:49 Double-Bit Axe
12:55 Stone Mining
12:49 Horse Collar
15:55 Castle Age
16:48 Heavy Plow
21:02 Fletching
21:49 Gold Mining
27:17 Wheelbarrow
26:57 Bow Saw
28:28 Gold Shaft Mining
29:48 Hand Cart
31:04 Bloodlines
32:20 Bodkin Arrow
32:26 Padded Archer Armor
36:02 Imperial Age
33:41 Husbandry
33:02 Light Cavalry
35:26 Nomads
36:04 Coinage
36:07 Elite Mangudai
37:08 Conscription
36:49 Bracer
37:50 Chemistry
37:11 Ballistics
36:59 Thumb Ring
37:16 Leather Archer Armor
37:31 Parthian Tactics
37:48 Scale Barding Armor
37:55 Forging
39:10 Banking
39:51 Chain Barding Armor
39:42 Capped Ram
40:42 Town Watch
41:34 Iron Casting
40:26 Hussar
43:21 Siege Ram
44:37 Onager
51:29 Blast Furnace
50:33 Heavy Scorpion
52:25 Siege Onager
56:46 Drill
61:05 Caravan
Wendysocute
10:30 Feudal Age
11:11 Double-Bit Axe
13:55 Castle Age
12:07 Horse Collar
14:57 Bow Saw
20:03 Heavy Plow
22:05 Wheelbarrow
21:22 Town Watch
22:51 Gold Mining
25:14 Town Patrol
25:29 Hand Cart
25:01 Loom
25:34 Hand Cart
25:10 Loom
25:45 Stone Mining
26:31 Gold Shaft Mining
30:11 Imperial Age
28:26 Scale Barding Armor
28:32 Forging
29:41 Bloodlines
29:32 Husbandry
29:49 Cavalier
30:51 Conscription
31:20 Crop Rotation
31:54 Two-Man Saw
31:05 Savar
34:45 Iron Casting
34:52 Chain Barding Armor
35:52 Hoardings
37:42 Plate Barding Armor
38:09 Blast Furnace
39:10 Citadels
39:32 Caravan
54:27 Light Cavalry
56:10 Hussar
Lyy
10:36 Feudal Age
15:59 Castle Age
14:22 Double-Bit Axe
21:06 Bow Saw
22:32 Bloodlines
22:22 Husbandry
23:42 Horse Collar
25:36 Gold Mining
29:59 Imperial Age
27:42 Loom
28:32 Wheelbarrow
30:23 Padded Archer Armor
30:45 Ballistics
31:05 Bloodlines
30:55 Husbandry
30:50 Heavy Camel Rider
32:26 Leather Archer Armor
33:44 Forging
33:39 Scale Barding Armor
33:45 Forging
36:11 Ring Archer Armor
38:19 Heavy Plow
44:33 Gold Shaft Mining
43:48 Stone Mining
47:55 Conscription
47:27 Fletching
49:00 Artillery
49:49 Bodkin Arrow
51:44 Caravan
56:36 Two-Man Saw
56:30 Thumb Ring
56:56 Capped Ram
58:38 Coinage
60:03 Siege Ram
Nighthawk
11:29 Feudal Age
15:47 Castle Age
13:58 Double-Bit Axe
13:56 Horse Collar
17:46 Bow Saw
20:10 Heavy Plow
22:07 Wheelbarrow
23:49 Loom
28:58 Imperial Age
27:21 Hand Cart
28:01 Gold Mining
28:01 Stone Mining
28:45 Pikeman
29:28 Squires
31:09 Forging
31:00 Scale Mail Armor
31:08 Scale Barding Armor
32:17 Two-Man Saw
31:58 Crop Rotation
32:59 Iron Casting
32:46 Chain Mail Armor
35:49 Blast Furnace
35:21 Plate Mail Armor
35:12 Chain Barding Armor
36:25 Gold Shaft Mining
35:59 Elite Boyar
36:16 Halberdier
37:49 Plate Barding Armor
44:26 Druzhina
55:33 Capped Ram
56:23 Siege Engineers
57:29 Siege Ram
Orca17
10:30 Feudal Age
14:34 Castle Age
12:42 Double-Bit Axe
14:03 Loom
15:09 Horse Collar
15:44 Bow Saw
21:19 Scale Mail Armor
23:08 Chain Mail Armor
23:40 Arson
23:59 Squires
31:50 Wheelbarrow
32:26 Heavy Plow
33:45 Hand Cart
37:24 Imperial Age
35:32 Fletching
35:43 Padded Archer Armor
36:06 Gold Mining
35:46 Elite Skirmisher
36:28 Bodkin Arrow
36:52 Thumb Ring
37:24 Bloodlines
37:14 Husbandry
37:36 Ballistics
37:40 Leather Archer Armor
38:10 Bracer
39:12 Chemistry
38:53 Ring Archer Armor
39:43 Conscription
40:32 Coinage
40:33 Heavy Mounted Crossbowman
40:47 Cranequins
55:12 Siege Engineers
55:18 Masonry
55:18 Capped Ram
56:35 Siege Ram
Connection lost

Rejoining the realm…

Still unreachable

The connection could not be restored.

Session expired

The server has moved on; the page needs a fresh start.